 Dungeon Crawl Stone Soup version 0.29.0-11-gd7f09526c8 (webtiles) character file.

Game seed: 18104584645257906263

12967 mtoz the Fighter (level 12, 0/103 HPs)
             Began as a Gnoll Wanderer on Sept 5, 2022.
             Was a Believer of Cheibriados.
             Succumbed to a cane toad's poison
             ... on level 1 of the Lair of Beasts on Sept 6, 2022.
             The game lasted 01:31:05 (15055 turns).

mtoz the Fighter (Gnoll Wanderer)                  Turns: 15055, Time: 01:31:05

Health: 0/103      AC: 22    Str: 20    XL:     12   Next: 1%
Magic:  20/22      EV: 14    Int: 17    God:    Cheibriados [**....]
Gold:   143        SH:  0    Dex: 20    Spells: 15/25 levels left

rFire   . . .      SeeInvis .   a - +3 quarterstaff (freeze)
rCold   . . .      Faith    .   (shield currently unavailable)
rNeg    . . .      Spirit   .   y - +3 scale mail {Will+}
rPois   .          Reflect  .   B - +1 helmet of Snakes and Ladders {Dex+2}
rElec   .          Harm     .   (no cloak)
rCorr   .          Rampage  .   r - +1 pair of gloves
Will    +....                   e - +2 pair of boots {Fly}
Stlth   ++........              z - amulet of magic regeneration
HPRegen 0.00/turn               l - ring of wizardry
MPRegen 0.58/turn               C - +4 ring of protection

@: mighty, brilliant, lethally poisoned (0 -> -9), flying, inhibited regen, very
slow
A: fangs 1, strong nose, distributed training, inhibited regeneration, no potion
heal 1
a: Renounce Religion, Bend Time


You were on level 1 of the Lair of Beasts.
You worshipped Cheibriados.
Cheibriados was pleased with you.
You visited 3 branches of the dungeon, and saw 11 of its levels.

You collected 1658 gold pieces.
You spent 1515 gold pieces at shops.

Inventory:

Hand Weapons
 a - a +3 quarterstaff of freezing (weapon)
 b - the +5 sling of Gin and Tonic {freeze, *Slow rPois Int+7 Dex+2}
   (You found it on level 5 of the Dungeon)

   Any ammunition fired from it freezes those it strikes, dealing additional
   cold damage.
   It can also slow down cold-blooded creatures.
   Int:       It affects your intelligence (+7).
   Dex:       It affects your dexterity (+2).
   rPois:     It protects you from poison.
   *Slow:     It may slow you when you take damage.
 g - a +1 flail of protection
 k - a +4 trident
 o - a +4 great sword of freezing
 E - a +4 scimitar of flaming
 H - a +0 shortbow
Missiles
 d - 4 boomerangs
 h - 3 silver boomerangs
 j - 2 throwing nets
 p - 26 poisoned darts
 t - 61 stones
Armour
 e - a +2 pair of boots of flying (worn)
 n - +0 steam dragon scales
 r - a +1 pair of gloves (worn)
 u - the +1 robe "Iferayf" {Str-3 Int+3 Dex+4}
   (You found it on level 7 of the Dungeon)

   Str:       It affects your strength (-3).
   Int:       It affects your intelligence (+3).
   Dex:       It affects your dexterity (+4).
 y - a +3 scale mail of willpower (worn)
 B - the +1 helmet of Snakes and Ladders (worn) {Dex+2}
   (You bought it in a shop on level 2 of the Dungeon)

   Dex:       It affects your dexterity (+2).
 D - a +2 ring mail of willpower
 F - a +1 robe of willpower
 I - a +0 plate armour
Magical Staves
 J - a staff of conjuration
Jewellery
 l - a ring of wizardry (left hand)
 q - a ring of protection from cold
 s - a ring of protection from cold
 z - an amulet of magic regeneration (around neck)
 C - a +4 ring of protection (right hand)
Wands
 i - a wand of flame (12)
 L - a wand of paralysis (4)
Scrolls
 f - a scroll of identify
 v - 2 scrolls of fog
 x - 3 scrolls of immolation
 A - a scroll of silence
Potions
 c - 3 potions of brilliance


   Skills:
 + Level 12.5 Fighting
 + Level 7.1 Short Blades
 + Level 7.1 Long Blades
 + Level 7.1 Axes
 + Level 7.1 Maces & Flails
 + Level 7.1 Polearms
 + Level 9.7 Staves
 + Level 8.5 Ranged Weapons
 + Level 7.1 Throwing
 + Level 7.1 Armour
 + Level 7.1 Dodging
 + Level 7.1 Stealth
 + Level 7.1 Shields
 + Level 7.1 Unarmed Combat
 + Level 7.1 Spellcasting
 + Level 5.9 Conjurations
 + Level 5.9 Hexes
 + Level 5.9 Summonings
 + Level 5.9 Necromancy
 + Level 5.9 Translocations
 + Level 5.9 Transmutations
 + Level 5.9 Fire Magic
 + Level 5.9 Ice Magic
 + Level 5.9 Air Magic
 + Level 5.9 Earth Magic
 + Level 5.9 Poison Magic
 + Level 7.7 Invocations
 + Level 7.1 Evocations


You had 15 spell levels left.
You knew the following spells:

 Your Spells              Type           Power      Damage    Failure   Level
a - Necrotise             Necr           100%       1d9       1%          1
b - Summon Small Mammal   Summ           100%       N/A       1%          1
c - Blink                 Tloc           78%        N/A       1%          2
d - Teleport Other        Tloc           39%        N/A       3%          3
e - Tukima's Dance        Hex            39%        N/A       3%          3

Your spell library contained the following spells:

 Spells                   Type           Power      Damage    Failure   Level
 Apportation              Tloc           78%        N/A       1%          1
 Slow                     Hex            100%       N/A       1%          1
 Confusing Touch          Hex            39%        N/A       3%          3
 Frozen Ramparts          Ice            78%        1d12      3%          3
 Gell's Gravitas          Tloc           39%        N/A       3%          3
 Lesser Beckoning         Tloc           39%        N/A       3%          3
 Portal Projectile        Hex/Tloc       78%        N/A       3%          3
 Vampiric Draining        Necr           39%        2d8       3%          3
 Ice Form                 Ice/Tmut       39%        N/A       11%         4
 Leda's Liquefaction      Hex/Erth       19%        N/A       11%         4
 Summon Ice Beast         Ice/Summ       39%        N/A       11%         4
 Alistair's Intoxication  Tmut/Pois      26%        N/A       26%         5
 Blade Hands              Tmut           19%        N/A       26%         5
 Lee's Rapid Deconstruct  Erth           19%        3d12*     26%         5
 Manifold Assault         Tloc           39%        N/A       26%         5
 Dispersal                Tloc           19%        N/A       80%         6
 Statue Form              Tmut/Erth      26%        N/A       80%         6


Dungeon Overview and Level Annotations

Branches:
Dungeon (8/15)             Temple (1/1) D:7            Lair (2/5) D:8
  Swamp: Lair:2-3    Shoals: Lair:2-3     Snake: Lair:2-3    Spider: Lair:2-3

Altars:
Ashenzari
Cheibriados
Elyvilon
Fedhas
Gozag
Hepliaklqana
Kikubaaqudgha
Makhleb
Nemelex Xobeh
Okawaru
Qazlal
Ru
Sif Muna
Trog
Uskayaw
Vehumet
Wu Jian
Xom
Yredelemnul
Zin
The Shining One

Shops:
D:1 (   D:2 [   D:3 *   D:4 :   D:5 =


Innate Abilities, Weirdness & Mutations

You have very sharp teeth.
Your uncanny sense of smell can sniff out nearby items.
Your experience applies equally to all skills.
You do not regenerate when monsters are visible.
Potions are less effective at restoring your health.


Message History

As you read the scroll of teleportation, it crumbles to dust.
You feel strangely unstable.
* * * LOW HITPOINT WARNING * * *
You feel very sick. The blink frog closely misses you.
The killer bee barely misses you.
You feel very mighty all of a sudden.
* * * LOW HITPOINT WARNING * * *
You feel sick.
The blink frog hits you but does no damage.
The killer bee misses you.
Okay, then.
Casting: Summon Small Mammal (safe; 1% risk of failure)
Confirm with . or Enter, or press ? or * to list all spells.
Aiming: Teleport Other (mildly dangerous; 3% risk of failure)
Press: ? - help, Shift-Dir - straight line, f - killer bee
Aim: a killer bee (moderately wounded, slow, chance to affect: 73%)
The killer bee struggles to resist.
* * * LOW HITPOINT WARNING * * *
You feel sick. The blink frog closely misses you.
The killer bee stings you but does no damage.
The blink frog hits you.
* * * LOW HITPOINT WARNING * * *
Okay, then.
Really quaff the potion of mutation?
You feel extremely strange.
You feel less resistant to poisons.
Your thinking seems confused.
Your system partially rejects the healing effects of potions.
Your regeneration stops near monsters.
* * * LOW HITPOINT WARNING * * *
You feel sick.
The killer bee stings you but does no damage.
The blink frog hits you but does no damage.
The killer bee misses you.
You feel clever all of a sudden.
Your surroundings seem slightly different.
* * * LOW HITPOINT WARNING * * *
You feel sick.
As you read the scroll of fog, it crumbles to dust.
The scroll dissolves into smoke.
You die...

.~~~..#............######P.#####.
..≈~.~................>....###...
.~~≈.~...........................
~.≈≈...................####......
#~≈≈..#####.##.#.#####.# #.......
##≈≈### ######## ##.# ##......
##≈≈# ### #..# #......
≈≈≈##############§####.## #......
≈####..........§@§......###......
##.............§§§§..............
...............§.§...........####
...#####.####...####.#######.# #.
P...####.# ##...###..## #.# ##
#...#.##.# #.~...###..# #.# #
#........###F....##..##### #.####
#..........F≈≈≈≈≈≈...###.###.....
#...####..y......................


You could see a cane toad and a blink frog.

Vanquished Creatures
  2 hydras
  Erica (D:8)
  A black mamba (Lair:1)
  4 cane toads (Lair:1)
  A komodo dragon (Lair:1)
  8 blink frogs (Lair:1)
  Sigmund (D:4)
  A wyvern (Lair:1)
  28 yaks
  Eustachio (D:4)
  2 steam dragons (D:7)
  A water moccasin (D:4)
  Duvessa (D:6)
  An orc warrior (D:8)
  An ogre (D:5)
  2 sky beasts (D:7)
  2 centaurs
  4 wolves (Lair:1)
  3 kobold brigands
  5 bullfrogs
  A necrophage (D:6)
  A gnoll sergeant (D:5)
  A scorpion (D:6)
  3 wights (D:6)
  Dowan (D:6)
  A killer bee (Lair:1)
  2 electric eels (D:6)
  4 howler monkeys
  A jelly (D:8)
  5 hounds
  A gnoll bouda (D:3)
  5 orc priests
  4 iguanas
  Terence (D:3)
  5 orc wizards
  7 hell rats (Lair:1)
  9 gnolls
  7 adders
  A white imp (D:7)
  A worm (D:2)
  4 dart slugs
  19 orcs
  7 bats
  11 endoplasms
  5 giant cockroaches
  7 goblins
  10 hobgoblins
  3 jackals
  5 quokkas
  2 training dummies (D:6)
  8 ball pythons
  5 frilled lizards
  19 kobolds
  5 rats
241 creatures vanquished.

Vanquished Creatures (others)
  19 fungi
  22 plants
41 creatures vanquished.

Grand Total: 282 creatures vanquished

Notes
Turn   | Place    | Note
-------+----------+-------------------------------------------
     0 | D:1      | Reached skill level 10 in Fighting
     0 | D:1      | mtoz the Gnoll Wanderer began the quest for the Orb.
     0 | D:1      | mtoz set off with the following items: a +3 quarterstaff, a
                  | +0 sling, a potion of brilliance, a +0 robe.
     0 | D:1      | Reached XP level 1. HP: 29/29 MP: 1/1
   174 | D:1      | Reached XP level 2. HP: 36/36 MP: 2/2
   497 | D:1      | Found Bitwyt's Weapon Boutique.
   638 | D:1      | Reached XP level 3. HP: 42/42 MP: 3/3
   650 | D:1      | Learned a level 1 spell: Necrotise
   652 | D:1      | Learned a level 1 spell: Summon Small Mammal
   965 | D:2      | Reached skill level 1 in Invocations
  1233 | D:2      | Reached skill level 1 in Short Blades
  1233 | D:2      | Reached skill level 1 in Long Blades
  1233 | D:2      | Reached skill level 1 in Axes
  1233 | D:2      | Reached skill level 1 in Maces & Flails
  1233 | D:2      | Reached skill level 1 in Polearms
  1233 | D:2      | Reached skill level 1 in Throwing
  1233 | D:2      | Reached skill level 1 in Armour
  1233 | D:2      | Reached skill level 1 in Dodging
  1233 | D:2      | Reached skill level 1 in Stealth
  1233 | D:2      | Reached skill level 1 in Shields
  1233 | D:2      | Reached skill level 1 in Unarmed Combat
  1233 | D:2      | Reached skill level 1 in Spellcasting
  1233 | D:2      | Reached skill level 1 in Evocations
  1496 | D:2      | Found Unywnioqy's Antique Armour Boutique.
  1556 | D:2      | Reached XP level 4. HP: 37/48 MP: 5/5
  2022 | D:2      | Reached skill level 1 in Conjurations
  2022 | D:2      | Reached skill level 1 in Hexes
  2022 | D:2      | Reached skill level 1 in Summonings
  2022 | D:2      | Reached skill level 1 in Necromancy
  2022 | D:2      | Reached skill level 1 in Translocations
  2022 | D:2      | Reached skill level 1 in Transmutations
  2022 | D:2      | Reached skill level 1 in Fire Magic
  2022 | D:2      | Reached skill level 1 in Ice Magic
  2022 | D:2      | Reached skill level 1 in Air Magic
  2022 | D:2      | Reached skill level 1 in Earth Magic
  2022 | D:2      | Reached skill level 1 in Poison Magic
  2165 | D:2      | Reached XP level 5. HP: 52/54 MP: 5/7
  2275 | D:2      | Gained mutation: You have large cloven feet. [potion of
                  | mutation]
  2275 | D:2      | Gained mutation: You are weak. (Str -2) [potion of
                  | mutation]
  2625 | D:3      | Reached XP level 6. HP: 48/61 MP: 8/8
  2629 | D:3      | Reached skill level 5 in Ranged Weapons
  2897 | D:3      | Found Ably's General Store.
  2901 | D:3      | Bought a scroll of identify for 24 gold pieces
  3414 | D:3      | Noticed Terence
  3421 | D:3      | Killed Terence
  3660 | D:3      | Identified 2 scrolls of acquirement
  3660 | D:3      | Acquired 1163 gold pieces
  3662 | D:3      | Acquired a +2 pair of boots of flying
  3762 | D:3      | Bought a scroll of enchant armour for 90 gold pieces
  3845 | D:4      | Found Yrgheb's Tremendous Tomes.
  3851 | D:4      | Noticed Sigmund
  3880 | D:4      | Killed Sigmund
  3881 | D:4      | Reached XP level 7. HP: 44/67 MP: 10/10
  4163 | D:4      | Noticed Eustachio
  4567 | D:4      | Killed Eustachio
  4884 | D:4      | Reached XP level 8. HP: 52/74 MP: 12/12
  5414 | D:5      | Entered Level 5 of the Dungeon
  5648 | D:5      | Lost mutation: You are weak. (Str -2) [potion of mutation]
  5648 | D:5      | Lost mutation: You have large cloven feet. [potion of
                  | mutation]
  5648 | D:5      | Gained mutation: Your flesh is cold resistant. (rC+)
                  | [potion of mutation]
  5648 | D:5      | Gained mutation: Your body sometimes deteriorates upon
                  | taking damage. [potion of mutation]
  5648 | D:5      | Gained mutation: Your system is resistant to poisons.
                  | (rPois) [potion of mutation]
  5722 | D:5      | Lost mutation: Your body sometimes deteriorates upon taking
                  | damage. [potion of mutation]
  5722 | D:5      | Lost mutation: Your flesh is cold resistant. (rC+) [potion
                  | of mutation]
  5722 | D:5      | Gained mutation: You are frail. (-10% HP) [potion of
                  | mutation]
  5722 | D:5      | Lost mutation: You are frail. (-10% HP) [potion of
                  | mutation]
  5722 | D:5      | Gained mutation: You possess an exceptional clarity of
                  | mind. [potion of mutation]
  5965 | D:5      | Identified the +5 sling of Gin and Tonic {freeze, *Slow
                  | rPois Int+7 Dex+2}
  5980 | D:5      | Found Hiosed Joa's Jewellery Boutique.
  5984 | D:5      | Bought a ring of wizardry for 330 gold pieces
  5988 | D:5      | Learned a level 2 spell: Blink
  6618 | D:5      | Reached skill level 11 in Fighting
  7425 | D:6      | Reached XP level 9. HP: 71/81 MP: 14/14
  8351 | D:6      | Found a white marble altar of Elyvilon.
  8511 | D:6      | Noticed Duvessa
  8521 | D:6      | Noticed Dowan
  8537 | D:6      | Killed Duvessa
  8549 | D:6      | Killed Dowan
  9041 | D:7      | Identified the +1 robe "Iferayf" {Str-3 Int+3 Dex+4}
  9323 | D:7      | Found a staircase to the Ecumenical Temple.
  9350 | Temple   | Entered the Ecumenical Temple
  9638 | Temple   | Became a worshipper of Cheibriados the Contemplative
  9721 | D:7      | Found a bloodstained altar of Trog.
  9959 | D:7      | Reached skill level 5 in Invocations
 10407 | D:5      | Bought an amulet of magic regeneration for 330 gold pieces
 10497 | D:3      | Bought a potion of heal wounds for 60 gold pieces
 10578 | D:2      | Bought a transparent helmet for 285 gold pieces
 10578 | D:2      | Identified the +1 helmet of Snakes and Ladders {Dex+2} (You
                  | bought it in a shop on level 2 of the Dungeon)
 10681 | D:5      | Bought a +4 ring of protection for 396 gold pieces
 10861 | D:8      | Noticed Erica
 10883 | D:8      | Killed Erica
 10884 | D:8      | Reached skill level 5 in Short Blades
 10884 | D:8      | Reached skill level 5 in Long Blades
 10884 | D:8      | Reached skill level 5 in Axes
 10884 | D:8      | Reached skill level 5 in Maces & Flails
 10884 | D:8      | Reached skill level 5 in Polearms
 10884 | D:8      | Reached skill level 5 in Throwing
 10884 | D:8      | Reached skill level 5 in Armour
 10884 | D:8      | Reached skill level 5 in Dodging
 10884 | D:8      | Reached skill level 5 in Stealth
 10884 | D:8      | Reached skill level 5 in Shields
 10884 | D:8      | Reached skill level 5 in Unarmed Combat
 10884 | D:8      | Reached skill level 5 in Spellcasting
 10884 | D:8      | Reached skill level 5 in Evocations
 10884 | D:8      | Reached XP level 10. HP: 38/88 MP: 15/17
 11234 | D:8      | Found an opulent altar of Gozag.
 11620 | D:8      | Found a staircase to the Lair.
 11732 | D:8      | Found a faded altar of an unknown god.
 11732 | D:8      | Found a glowing silver altar of Zin.
 11747 | D:8      | Reached * piety under Cheibriados
 11968 | D:8      | Found a hazy altar of Hepliaklqana.
 11970 | D:8      | Found a burning altar of Makhleb.
 11972 | D:8      | Found a hide-covered altar of Uskayaw.
 12066 | Lair:1   | Entered Level 1 of the Lair of Beasts
 12115 | Lair:1   | Noticed a five-headed hydra
 12497 | D:8      | Killed a five-headed hydra
 12498 | D:8      | Reached skill level 12 in Fighting
 12498 | D:8      | Reached skill level 5 in Conjurations
 12498 | D:8      | Reached skill level 5 in Hexes
 12498 | D:8      | Reached skill level 5 in Summonings
 12498 | D:8      | Reached skill level 5 in Necromancy
 12498 | D:8      | Reached skill level 5 in Translocations
 12498 | D:8      | Reached skill level 5 in Transmutations
 12498 | D:8      | Reached skill level 5 in Fire Magic
 12498 | D:8      | Reached skill level 5 in Ice Magic
 12498 | D:8      | Reached skill level 5 in Air Magic
 12498 | D:8      | Reached skill level 5 in Earth Magic
 12498 | D:8      | Reached skill level 5 in Poison Magic
 12498 | D:8      | Reached XP level 11. HP: 31/95 MP: 18/20
 13639 | Lair:1   | Noticed an eight-headed hydra
 13651 | Lair:1   | Killed an eight-headed hydra
 13852 | Lair:1   | Reached ** piety under Cheibriados
 14597 | Lair:1   | Learned a level 3 spell: Teleport Other
 14601 | Lair:1   | Learned a level 3 spell: Tukima's Dance
 15042 | Lair:1   | Reached XP level 12. HP: 49/103 MP: 20/22
 15052 | Lair:1   | HP: 5/103 [blink frog (4)]
 15053 | Lair:1   | Lost mutation: Your system is resistant to poisons. (rPois)
                  | [potion of mutation]
 15053 | Lair:1   | Lost mutation: You possess an exceptional clarity of mind.
                  | [potion of mutation]
 15053 | Lair:1   | Gained mutation: Potions are less effective at restoring
                  | your health. [potion of mutation]
 15053 | Lair:1   | Gained mutation: You do not regenerate when monsters are
                  | visible. [potion of mutation]
 15054 | Lair:1   | HP: 1/103 [poisoned by a cane toad]
 15055 | Lair:1   | Succumbed to a cane toad's poison

Illustrated notes

Levels and vault maps discovered:
D:1:      dpeg_arrival_oval, layout_basic, serial_shops, nicolae_shop_stone,
          minmay_close_crescents
D:2:      minmay_wonky_spiral, layout_basic, serial_shops, nicolae_shop_stone
D:3:      layout_loops_corners, serial_shops, nicolae_shop_window_shopping,
          uniq_terence
D:4:      layout_basic, serial_corexii_hall, chequers_hall_statues_corner_a,
          chequers_hall_statues_corner_a, nicolae_shop_i_like_big_books,
          minmay_quadrilaterals, uniq_sigmund, uniq_eustachio
D:5:      layout_rooms, serial_shops, nicolae_shop_hallway_plus
D:6:      dreamdust_elfheim, layout_loops_corners, nicolae_elyvilon_temple_path
D:7:      kennysheep_steamy, layout_loops_cross, amcnicky_altar_gilded,
          minmay_temple_entry_statues_fountains, kennysheep_nondescript,
          skrybe_limestone_x
D:8:      layout_cave_pools, lemuel_coloured_pillars_altar,
          chequers_temple_overflow_minitemple, grunt_lair_entry_orc_guard_hut,
          uniq_erica
Temple:   eino_narrow_crystal_temple
Lair:1:   layout_small_grid, serial_rivers, chequers_serial_rivers_large_b,
          chequers_serial_rivers_small_b, chequers_serial_rivers_micro_e,
          chequers_serial_rivers_micro_b, chequers_serial_rivers_micro_e,
          chequers_serial_rivers_small_3
Lair:2:   regret_index_bee_streams, layout_chaotic_city, nzn_ghost_randoct,
          serial_bayou_pond_d, beast_lair_carwin_11, infiniplex_staircase_pool_2

Skill      XL: |  1  2  3  4  5  6  7  8  9 10 11 |
---------------+----------------------------------+-----
Fighting       | 11 12 | 12.5
Invocations    | 1 2 3 4 5 6 7 |  7.7
Short Blades   | 1 2 3 5 6 7 |  7.1
Long Blades    | 1 2 3 5 6 7 |  7.1
Axes           | 1 2 3 5 6 7 |  7.1
Maces & Flails | 1 2 3 5 6 7 |  7.1
Polearms       | 1 2 3 5 6 7 |  7.1
Throwing       | 1 2 3 5 6 7 |  7.1
Armour         | 1 2 3 5 6 7 |  7.1
Dodging        | 1 2 3 5 6 7 |  7.1
Stealth        | 1 2 3 5 6 7 |  7.1
Shields        | 1 2 3 5 6 7 |  7.1
Unarmed Combat | 1 2 3 5 6 7 |  7.1
Spellcasting   | 1 2 3 5 6 7 |  7.1
Evocations     | 1 2 3 5 6 7 |  7.1
Conjurations   | 1 2 3 4 5 |  5.9
Hexes          | 1 2 3 4 5 |  5.9
Summonings     | 1 2 3 4 5 |  5.9
Necromancy     | 1 2 3 4 5 |  5.9
Translocations | 1 2 3 4 5 |  5.9
Transmutations | 1 2 3 4 5 |  5.9
Fire Magic     | 1 2 3 4 5 |  5.9
Ice Magic      | 1 2 3 4 5 |  5.9
Air Magic      | 1 2 3 4 5 |  5.9
Earth Magic    | 1 2 3 4 5 |  5.9
Poison Magic   | 1 2 3 4 5 |  5.9
Ranged Weapons | 5 6 7 8 |  8.5
Staves         | 7 8 9 |  9.7

Action                   |  1- 3 |  4- 6 |  7- 9 | 10-12 || total
-------------------------+-------+-------+-------+-------++-------
Melee: Quarterstaff      |    86 |   105 |   282 |   300 ||   773
       Bite              |     8 |    12 |    28 |    43 ||    91
       Kick              |       |    14 |       |       ||    14
       Sling             |       |     1 |       |       ||     1
 Fire: Sling             |       |    17 |    52 |    90 ||   159
 Cast: Summon Small Mamm |       |     1 |     3 |       ||     4
       Blink             |       |       |     2 |       ||     2
       Teleport Other    |       |       |       |     1 ||     1
Invok: Bend Time         |       |       |       |     5 ||     5
Evoke: Wand              |       |       |     1 |     1 ||     2
  Use: Scroll            |       |     7 |     7 |     5 ||    19
       Potion            |       |     5 |     7 |     6 ||    18
 Stab: Sleeping          |     2 |     2 |       |     1 ||     5
Armor: Robe              |    16 |     9 |       |       ||    25
       Scale mail        |       |    31 |   157 |   163 ||   351
Dodge: Dodged            |    47 |    45 |   113 |   200 ||   405
